 Dungeon Crawl Stone Soup version 0.19.1 (webtiles) character file.

264 Rinseandrepeat the Skirmisher (level 5, 0/47 HPs)
             Began as a Demonspawn Wanderer on Nov 24, 2016.
             Succumbed to an orc's poison
             ... on level 3 of the Dungeon.
             The game lasted 00:04:31 (1975 turns).

Rinseandrepeat the Skirmisher (Demonspawn Wanderer) Turns: 1975, Time: 00:04:32

Health: 0/47       AC:  6    Str: 13    XL:     5   Next: 98%
Magic:  6/6        EV: 13    Int: 12    God:
Gold:   108        SH:  0    Dex: 14    Spells: 0 memorised, 6 levels left

rFire  . . .     SeeInvis .     e - +0 dagger
rCold  . . .     Gourm    .     l - +0 ring mail
rNeg   . . .     Faith    .     (no shield)
rPois  .         Spirit   .     (no helmet)
rElec  .         Reflect  .     g - +0 cloak
rCorr  .         Harm     .     (no gloves)
MR     .....                    (no boots)
Stlth  +.........               (no amulet)
                                (no ring)
                                (no ring)

@: lethally poisoned (0 -> -13)
A: repulsion field 1, powered by pain 1
a: no special abilities


You were on level 3 of the Dungeon.
You were not hungry.

You visited 1 branch of the dungeon, and saw 3 of its levels.

You collected 108 gold pieces.

Inventory:

Hand Weapons
 e - a +0 dagger (weapon)
Armour
 d - a +0 robe
 g - a +0 cloak (worn)
 l - a +0 ring mail (worn)
Jewellery
 p - an uncursed ring of resist corrosion
Scrolls
 j - 2 scrolls of identify
Books
 a - a book of Conjurations

   Spells                             Type                      Level
   a - Magic Dart                     Conjuration                  1
   b - Searing Ray                    Conjuration                  2
   c - Dazzling Spray                 Conjuration/Hexes            3
   d - Fulminant Prism                Conjuration/Hexes            4
   e - Iskenderun's Mystic Blast      Conjuration                  4
   f - Iskenderun's Battlesphere      Conjuration/Charms           5
 b - the Disquisition on Sinister Rites

   Spells                             Type                      Level
   a - Pain                           Necromancy                   1
   b - Regeneration                   Charms/Necromancy            3
Comestibles
 f - 4 bread rations
 o - 3 fruits
 q - a meat ration


   Skills:
 + Level 6.3 Fighting
 - Level 1.0 Throwing
 - Level 1.7 Dodging
 - Level 1.0 Stealth
   Level 1.0 Shields
 - Level 1.0 Spellcasting
   Level 2.0 Conjurations


You had 6 spell levels left.
You didn't know any spells.

Dungeon Overview and Level Annotations

Branches:
Dungeon (3/15)

Altars:


Innate Abilities, Weirdness & Mutations

You are surrounded by a mild repulsion field. (EV +2)
You sometimes gain a little power by taking damage.


Message History

* * * LOW HITPOINT WARNING * * *
You hit the orc.
The orc is severely wounded.
The orc closely misses you.
You hit the orc.
You kill the orc!
You barely miss the orc. The orc closely misses you.
You hit the orc.
The orc is heavily wounded.
You hit the orc but do no damage.
The orc is heavily wounded.
The orc hits you with a flail of venom!
* * * LOW HITPOINT WARNING * * *
You are lethally poisoned!
You hit the orc.
You kill the orc!
* * * LOW HITPOINT WARNING * * *
You feel sick.
The goblin shoots a stone.
The stone misses you.
You aren't carrying any potions.
You die...

### #.. #.# #.# ###
#.#
..#####.###########
.........w....g)@(#
........#########.#
........# .#
........# .#
........# .#
#(......# .#
........+ .#
#.......# .#
#.......#


You could see a worm and a goblin.

Vanquished Creatures
  Sigmund (D:2)
  An orc wizard (D:3)
  2 adders (D:2)
  3 dart slugs
  3 orcs (D:3)
  3 giant cockroaches
  5 hobgoblins
  5 kobolds
  2 ball pythons (D:1)
  7 bats
  2 frilled lizards
  8 goblins
  4 rats
46 creatures vanquished.

Notes
Turn   | Place    | Note
-------+----------+-------------------------------------------
     0 | D:1      | Rinseandrepeat the Demonspawn Wanderer began the quest for the Orb.
     0 | D:1      | Rinseandrepeat set off with: a book of Conjurations, the Disquisition on Sinister Rites, a potion of curing, a +0 robe, a +0 dagger, a bread ration
     0 | D:1      | Reached XP level 1. HP: 16/16 MP: 2/2
     0 | D:1      | Identified the Disquisition on Sinister Rites
   160 | D:1      | Gained mutation: You are surrounded by a mild repulsion field. (EV +2) [demonic ancestry]
   160 | D:1      | Reached XP level 2. HP: 23/23 MP: 3/3
   436 | D:1      | Reached skill level 3 in Fighting
   860 | D:2      | Reached XP level 3. HP: 28/29 MP: 4/4
  1044 | D:2      | Noticed Sigmund
  1064 | D:2      | Killed Sigmund
  1064 | D:2      | Reached skill level 5 in Fighting
  1064 | D:2      | Reached XP level 4. HP: 14/40 MP: 5/5
  1064 | D:2      | Gained mutation: You sometimes gain a little power by taking damage. [demonic ancestry]
  1064 | D:2      | Reached XP level 5. HP: 16/46 MP: 6/6
  1461 | D:2      | Reached skill level 6 in Fighting
  1974 | D:3      | HP: 1/47 [poisoned by an orc]
  1975 | D:3      | Succumbed to an orc's poison

Skill      XL: |  1  2  3  4  5 |
---------------+----------------+-----
Fighting       | 3 5 6 |  6.3
Throwing       | |  1.0
Dodging        | |  1.7
Stealth        | |  1.0
Shields        | |  1.0
Spellcasting   | |  1.0
Conjurations   | |  2.0

Action                   |  1- 3 |  4- 6 || total
-------------------------+-------+-------++-------
Melee: Dagger            |   153 |   143 ||   296
  Use: Potion            |     3 |     1 ||     4
       Scroll            |       |     6 ||     6
 Stab: Sleeping          |     2 |       ||     2
  Eat: Chunk             |       |     4 ||     4
Armor: Robe              |     2 |       ||     2
       Ring mail         |    40 |    36 ||    76
Dodge: Dodged            |   107 |    97 ||   204
